Map: Heavy Artillery LE

Players

Massa

  • Race: Terran Terran
  • League: Gold
  • Spawn Location: 7:00

qqq

  • Race: Zerg Zerg
  • League: Platinum
  • Spawn Location: 7:00

NinkaSuka - Winner!

  • Race: Terran Terran
  • League: Diamond
  • Spawn Location: 1:00

SHOOTNIK - Winner!

  • Race: Protoss Protoss
  • Spawn Location: 3:00

VOD

Have the link to the VOD?

Description

Time

  • Played on: June 9, 2020, 12:01 p.m.
  • Length: 6:18
Show
View Real Time Build Order
Export as new Build Order

Massa Terran 

Build Orders: Command Center First (CC) 

Get SALT Encoding   

  12  0:05  SCV  
  13  0:16  Supply Depot  
  13  0:17  SCV  
  14  0:30  SCV  
  15  0:42  SCV  
  16  1:02  Command Center  
  16  1:05  SCV  
  17  1:12  Refinery  
  17  1:18  SCV  
  18  1:22  Engineering Bay  
  18  1:30  SCV  
  19  1:42  SCV  
  20  1:47  Refinery  
  20  1:54  SCV  
  21  2:02  Supply Depot  
  21  2:11  SCV  
  22  2:23  SCV  
  22  2:28  Neosteel Armor  
  23  2:50  Barracks  
  23  3:00  SCV  
  24  3:09  Engineering Bay  
  24  3:12  SCV  
  25  3:16  Supply Depot  
  25  3:48  Barracks  
  24  4:15  Command Center  
  24  4:22  SCV  
  25  4:32  Marine  
  25  4:33  Barracks  
  25  4:34  SCV  
  27  4:41  Hi-Sec Auto Tracking  
  27  4:50  Marine  
  27  5:08  Marine  
  28  5:24  Orbital Command, Barracks  
  28  5:25  Marine  
  29  5:29  Command Center  
  29  5:30  Marine  
  30  5:43  Marine  
  30  5:48  Marine  
  31  5:52  Factory  
  29  5:57  Bunker  
  29  5:58  Barracks  
Show
View Real Time Build Order
Export as new Build Order

qqq Zerg 

Build Orders: Pool First 

Get SALT Encoding   

  12  0:18  Spawning Pool  
  11  0:22  Drone  
  12  0:29  Drone  
  12  0:31  Drone  
  14  1:06  Roach Warren  
  13  1:16  Extractor  
  12  1:19  Hatchery  
  11  1:32  Drone, Overlord  
  12  1:34  Drone  
  13  1:50  Drone  
  15  2:08  Roach  
  15  2:13  Roach  
  17  2:18  Queen  
  17  2:22  Roach  
  21  2:34  Roach  
  21  2:35  Drone  
  24  2:40  Roach  
  24  2:43  Drone  
  27  2:53  Overlord  
  27  2:58  Drone  
  28  3:07  Overlord  
  28  3:46  Roach x3  
  34  3:59  Roach  
  36  4:13  Roach  
  38  4:28  Roach  
  38  4:29  Drone x3  
  43  4:36  Overlord  
  43  4:49  Overlord  
  43  4:54  Queen  
  45  5:07  Roach x4  
  53  5:20  Drone  
  54  5:24  Hatchery  
  48  5:33  Drone x2  
  40  5:44  Drone  
Show
View Real Time Build Order
Export as new Build Order

NinkaSuka Terran - Winner!

Build Orders:  

Get SALT Encoding   

  12  0:01  SCV  
  13  0:13  SCV  
  14  0:18  Supply Depot  
  14  0:26  SCV  
  15  0:39  SCV  
  16  0:43  Barracks  
  16  0:51  SCV  
  17  1:00  Refinery  
  17  1:04  SCV  
  18  1:16  SCV  
  19  1:28  SCV  
  19  1:31  Marine  
  21  1:41  Orbital Command, Barracks  
  21  1:47  Supply Depot  
  21  1:59  Refinery  
  21  2:11  Barracks Reactor  
  21  2:20  SCV  
  22  2:30  Barracks Tech Lab, Factory  
  22  2:34  SCV  
  23  2:46  SCV  
  23  2:48  Marine  
  23  2:49  Marine x2  
  23  2:50  Stimpack  
  27  2:58  SCV  
  28  3:02  Supply Depot  
  28  3:08  Marine x3  
  31  3:15  Starport, SCV  
  31  3:16  Factory Reactor, Supply Depot  
  32  3:25  Marine  
  32  3:26  Marine  
  34  3:31  Marine  
  35  3:43  Marine x2  
  37  3:53  Marauder  
  39  3:59  SCV  
  39  4:01  Marine  
  40  4:03  Factory Tech Lab  
  40  4:07  Marine  
  38  4:11  SCV  
  38  4:14  Marine  
  39  4:23  Supply Depot  
  39  4:24  Siege Tank  
  43  4:30  Medivac x2  
  44  4:35  Marine x2  
  45  4:40  Supply Depot  
  45  4:42  Marine  
  46  4:46  SCV  
  45  5:09  Supply Depot  
  45  5:16  Liberator  
  45  5:17  Marine x2  
  45  5:18  Marine  
  51  5:24  Supply Depot  
  51  5:35  Marine x2  
  53  5:42  SCV  
  53  5:54  SCV  
  54  5:59  Marine x2  
Show
View Real Time Build Order
Export as new Build Order

SHOOTNIK Protoss - Winner!

Build Orders: Nexus First 

Get SALT Encoding   

  12  0:02  Probe (Chrono Boost)  
  13  0:12  Probe (Chrono Boost)  
  14  0:19  Pylon  
  14  0:22  Probe  
  15  0:54  Nexus  
  15  1:04  Gateway  
  15  1:08  Probe  
  16  1:20  Probe  
  16  1:21  Assimilator  
  17  1:34  Probe, Assimilator  
  18  1:46  Probe (Chrono Boost)  
  19  1:53  Cybernetics Core  
  19  1:58  Probe (Chrono Boost)  
  20  2:07  Probe (Chrono Boost)  
  21  2:15  Probe  
  21  2:18  Probe  
  23  2:23  Warp Gate (Chrono Boost)  
  23  2:30  Probe  
  23  2:32  Stalker  
  26  2:42  Probe, Robotics Facility  
  27  2:47  Gateway  
  27  2:50  Gateway  
  27  2:54  Probe  
  28  3:07  Probe  
  29  3:16  Gateway  
  29  3:19  Probe  
  30  3:23  Pylon  
  30  3:39  Warp Prism  
  32  3:42  Stalker  
  32  3:43  Stalker x2  
  38  4:07  Probe (Chrono Boost)  
  40  4:17  Probe (Chrono Boost)  
  40  4:22  Probe (Chrono Boost)  
  41  4:34  Probe  
  42  4:39  Pylon  
  42  4:46  Probe  
  42  4:49  Assimilator  
  42  4:52  Pylon  
  43  4:55  Pylon  
  43  4:58  Probe  
  44  5:10  Probe  
  45  5:19  Stalker x3  
  45  5:20  Stalker  
  53  5:46  Stalker x4  
  57  6:13  Stalker x2  
  57  6:14  Stalker x2  
Tags
 
Add a new tag
Caveats
  • Supply blocks, unpowered buildings, or Contaminate may cause inaccurate times.
  • Supply counts are checked every 10 seconds.